Map: Nightshade LE

Players

Mercenarie

  • Race: Zerg Zerg
  • League: Diamond
  • Spawn Location: 11:00

ViBE - Winner!

  • Race: Terran Terran
  • League: Master
  • Spawn Location: 5:00

VOD

Have the link to the VOD?

Description

Time

  • Played on: Dec. 26, 2019, 7:20 p.m.
  • Length: 11:22
Show
View Real Time Build Order
Export as new Build Order

Mercenarie Zerg 

Build Orders: Hatch First 

Get SALT Encoding   

  12  0:01  Drone  
  13  0:13  Overlord  
  13  0:17  Drone  
  14  0:32  Drone x2  
  16  0:50  Hatchery  
  16  0:52  Drone  
  16  0:58  Drone  
  16  1:00  Drone  
  18  1:12  Extractor  
  18  1:16  Spawning Pool  
  18  1:17  Drone  
  17  1:21  Drone  
  18  1:30  Drone  
  19  1:42  Overlord  
  19  1:56  Drone  
  20  2:02  Queen x2  
  20  2:03  Zergling x4  
  26  2:11  Drone  
  26  2:14  Drone  
  28  2:22  Metabolic Boost  
  28  2:27  Drone x2  
  30  2:33  Drone  
  30  2:38  Drone  
  30  2:43  Hatchery  
  30  2:51  Queen  
  30  2:57  Drone x2  
  34  3:01  Pneumatized Carapace  
  34  3:04  Drone  
  35  3:08  Overlord  
  35  3:10  Drone  
  36  3:19  Overlord  
  36  3:33  Queen  
  38  3:37  Drone x2  
  38  3:38  Drone x3  
  43  3:43  Drone x2  
  43  3:45  Drone  
  43  3:46  Drone x2  
  43  3:47  Drone  
  49  3:49  Drone x2  
  49  3:50  Drone  
  52  3:59  Overlord  
  52  4:00  Overlord  
  52  4:06  Queen  
  54  4:21  Drone x2  
  54  4:22  Extractor, Baneling Nest  
  54  4:27  Extractor, Drone  
  54  4:28  Drone x2  
  54  4:29  Extractor  
  55  4:33  Spine Crawler  
  55  4:34  Spine Crawler, Drone  
  55  4:35  Drone x5  
  55  4:36  Spore Crawler, Drone x3  
  61  4:41  Drone x3  
  64  4:52  Drone x3  
  67  5:06  Zergling x2  
  67  5:07  Zergling x12  
  74  5:08  Overlord x3  
  74  5:15  Overlord x3  
  74  5:20  Overlord x2  
  74  5:27  Zergling x4  
  74  5:28  Baneling x5  
  76  5:29  Baneling x3  
  76  5:36  Zergling x14  
  76  5:37  Zergling x2  
  84  5:43  Lair  
  84  5:46  Drone  
  84  5:47  Drone x2  
  84  5:48  Drone x2  
  89  5:50  Drone  
  89  5:55  Zergling x2  
  89  5:56  Zergling x2  
  90  6:10  Drone x2, Evolution Chamber x2  
  90  6:13  Drone x2  
  90  6:14  Extractor, Drone x3  
  90  6:15  Extractor, Drone  
  90  6:17  Drone  
  95  6:18  Hatchery  
  95  6:20  Drone x3  
  95  6:21  Drone  
  86  6:36  Zerg Melee Weapons Level 1  
  86  6:37  Zerg Ground Armor Level 1  
  86  6:41  Spore Crawler, Drone x2  
  86  6:43  Spore Crawler  
  86  6:46  Zergling x14  
  89  7:02  Zergling x2  
  89  7:03  Zergling x14  
  89  7:07  Hatchery  
  92  7:08  Zergling x2  
  92  7:09  Zergling x2  
  92  7:10  Extractor  
  92  7:11  Extractor  
  87  7:16  Zergling x2  
  87  7:17  Queen x3  
  87  7:19  Zergling x6  
  87  7:20  Zergling x2  
  94  7:28  Zergling x2  
  87  7:35  Zergling x2  
  87  7:36  Zergling x4  
  87  7:46  Centrifical Hooks  
  87  7:49  Hydralisk Den  
  86  7:55  Zergling x4  
  86  7:56  Zergling x12  
  94  8:09  Zergling x2  
  94  8:10  Zergling x8  
  94  8:11  Baneling x6  
  94  8:12  Baneling x3  
  94  8:13  Baneling  
  94  8:14  Baneling  
  94  8:15  Baneling x4  
  94  8:18  Queen  
  96  8:20  Zergling x10  
  96  8:23  Hydralisk  
  96  8:26  Queen x2, Muscular Augments  
  105  8:28  Hydralisk x2  
  105  8:30  Hydralisk  
  105  8:31  Hydralisk  
  105  8:33  Overlord x3  
  117  8:35  Overlord x2  
  117  8:41  Zerg Melee Weapons Level 2  
  117  8:42  Zerg Ground Armor Level 2  
  118  8:55  Zergling x2  
  118  8:56  Zergling x20  
  96  9:11  Zergling x2  
  96  9:12  Zergling x28  
  111  9:18  Baneling x4  
  111  9:20  Zergling x6  
  111  9:23  Zergling x2  
  112  9:37  Grooved Spines  
  112  9:40  Zergling x2  
  113  9:48  Infestation Pit  
  113  9:49  Hatchery  
  108  9:58  Zergling x22  
  108  9:59  Zergling x14  
  101  10:05  Hatchery  
  100  10:08  Zergling x12  
  106  10:14  Baneling  
  106  10:15  Baneling x3  
  106  10:18  Zergling x8  
  110  10:28  Zergling x6  
  113  10:31  Baneling  
  113  10:32  Baneling x10  
  113  10:35  Hydralisk x2  
  113  10:36  Zergling x4  
  119  10:46  Zergling x4  
  119  10:47  Zergling x14  
  128  10:52  Drone x2  
  128  10:53  Drone  
  128  10:56  Drone  
Show
View Real Time Build Order
Export as new Build Order

ViBE Terran - Winner!

Build Orders: Reaper Expand 

Get SALT Encoding   

  12  0:00  SCV  
  13  0:13  SCV  
  14  0:17  Supply Depot  
  14  0:25  SCV  
  15  0:39  SCV  
  15  0:40  Barracks  
  16  0:43  Refinery  
  16  0:51  SCV  
  17  1:03  SCV  
  18  1:15  SCV  
  19  1:31  Orbital Command  
  19  1:32  Reaper  
  20  1:43  Command Center  
  20  1:57  SCV  
  21  2:03  Supply Depot  
  21  2:04  Barracks  
  21  2:07  Barracks Reactor  
  21  2:13  SCV  
  22  2:25  SCV  
  23  2:38  SCV  
  23  2:39  Factory  
  23  2:40  Refinery  
  24  2:46  Marine x2  
  24  2:50  SCV  
  24  2:51  Barracks Tech Lab  
  27  3:02  SCV  
  27  3:03  Orbital Command  
  28  3:09  Marine x3  
  28  3:11  Stimpack  
  31  3:14  SCV  
  32  3:25  Supply Depot  
  32  3:26  SCV  
  33  3:29  Starport  
  33  3:31  SCV  
  34  3:38  SCV  
  35  3:46  Marine x3  
  35  3:47  Factory Reactor  
  37  3:48  SCV  
  37  3:50  SCV  
  37  3:51  Supply Depot  
  39  4:00  SCV  
  39  4:02  SCV  
  41  4:09  Marine x3  
  44  4:13  SCV  
  44  4:14  SCV  
  44  4:17  Supply Depot  
  46  4:25  SCV  
  46  4:26  SCV  
  46  4:30  Marine  
  46  4:31  Marine x2  
  50  4:32  Medivac x2  
  50  4:37  SCV  
  56  4:39  SCV, Supply Depot  
  57  4:49  SCV, Command Center  
  57  4:50  Marine x2  
  57  4:51  SCV, Marine  
  62  4:58  Supply Depot  
  62  5:20  Marine x3  
  62  5:21  Medivac x2  
  69  5:26  SCV  
  70  5:28  Refinery  
  70  5:29  Refinery  
  70  5:30  Engineering Bay  
  70  5:31  Engineering Bay  
  70  5:34  SCV  
  70  5:35  Barracks, Factory Tech Lab  
  71  5:36  Barracks  
  71  5:37  Barracks  
  71  5:38  SCV  
  71  5:41  Combat Shield  
  72  5:46  SCV  
  72  5:49  Supply Depot x2  
  73  5:50  SCV  
  73  5:58  SCV  
  74  6:06  Marine x3  
  74  6:07  Orbital Command  
  74  6:08  Siege Tank  
  80  6:13  Terran Infantry Weapons Level 1  
  80  6:15  Terran Infantry Armor Level 1  
  80  6:24  Marine x2  
  80  6:32  Barracks Reactor x2  
  80  6:33  Barracks Reactor  
  80  6:35  Marine  
  80  6:37  Medivac  
  80  6:38  SCV x2  
  85  6:41  Marine  
  85  6:46  Marine  
  87  6:47  Siege Tank  
  87  6:50  SCV x2  
  92  7:02  SCV x2  
  89  7:12  Marine x9  
  89  7:13  Medivac  
  89  7:14  SCV, Medivac  
  89  7:15  SCV  
  102  7:26  SCV  
  102  7:27  SCV  
  103  7:30  Marine x9  
  110  7:38  SCV  
  110  7:39  SCV  
  110  7:40  Orbital Command, Siege Tank  
  115  7:46  Supply Depot x2  
  115  7:47  Supply Depot  
  115  7:48  Marine x2  
  117  8:06  Supply Depot x2  
  117  8:07  Marine x7, Supply Depot  
  117  8:08  Marine x2, SCV  
  127  8:17  Medivac, Siege Tank  
  127  8:18  Medivac  
  134  8:22  Armory  
  134  8:25  Marine x5  
  139  8:34  Marine x4  
  143  8:43  Marine x2  
  143  8:47  Medivac  
  143  8:48  Medivac  
  149  8:49  Siege Tank  
  152  9:01  Marine x8  
  133  9:14  Marine  
  133  9:17  Medivac x2  
  133  9:18  Marine  
  133  9:19  Marine x4  
  133  9:21  Siege Tank  
  144  9:32  Supply Depot  
  144  9:34  Supply Depot x2  
  144  9:35  Supply Depot  
  144  9:38  Refinery  
  144  9:40  Refinery  
  144  9:48  Command Center  
  139  10:00  Marine x9  
  139  10:01  Siege Tank  
  151  10:09  SCV x3  
  154  10:18  Marine x7  
  154  10:21  SCV x3  
  162  10:23  Factory, Barracks  
  162  10:26  Barracks  
  164  10:29  Marine x2  
  166  10:35  Marine  
  166  10:36  Marine x3  
  170  10:51  Marine  
  170  10:52  Marine x4  
  170  10:53  Marine  
  170  10:54  Marine x3  
Tags
 
Add a new tag
Caveats
  • Supply blocks, unpowered buildings, or Contaminate may cause inaccurate times.
  • Supply counts are checked every 10 seconds.